 Dungeon Crawl Stone Soup version 0.24-a0-269-g32ec7ca (webtiles) character file.

Game seed: 966764102365313438

8684 Lanoc the Cruncher (level 11, -8/99 HPs)
             Began as a Minotaur Wanderer on Apr 21, 2019.
             Was an Elder of Wu Jian.
             Mangled by a reaper
             ... wielding a +7 vampiric scythe
              (45 damage)
             ... in a Gauntlet.
             The game lasted 00:22:17 (9369 turns).

Lanoc the Cruncher (Minotaur Wanderer)              Turns: 9369, Time: 00:22:18

Health: -8/99      AC: 16    Str: 18    XL:     11   Next: 13%
Magic:  12/13      EV: 10    Int: 10    God:    Wu Jian [****..]
Gold:   605        SH:  0    Dex: 14    Spells: 11/12 levels left

rFire    . . .     SeeInvis +   w - +2 quarterstaff "Biugust" {drain, rN++ Dex+3}
rCold    . . .     Gourm    .   (shield currently unavailable)
rNeg     + + .     Faith    .   j - +0 plate armour
rPois    +         Spirit   .   (helmet unavailable)
rElec    .         Reflect  .   (no cloak)
rCorr    .         Harm     .   (no gloves)
MR       .....     NoTele   +   k - +1 pair of boots
Stlth    ..........             (no amulet)
HPRegen  0.26/turn              x - ring of poison resistance
MPRegen  0.13/turn              y - ring of see invisible

@: hasted, very quick
A: retaliatory headbutt, hooves 1, horns 3, high mp 1
a: Wall Jump, Serpent's Lash, Renounce Religion


You were in a Gauntlet.
You worshipped Wu Jian.
Wu Jian was greatly pleased with you.
You were hungry.

You visited 2 branches of the dungeon, and saw 12 of its levels.
You also visited: Gauntlet.

You collected 605 gold pieces.

Inventory:

Hand Weapons
 w - the +2 quarterstaff "Biugust" (weapon) {drain, rN++ Dex+3}
   (You found it on level 6 of the Dungeon)

   A truly terrible weapon, it drains the life of those it strikes.
   It affects your dexterity (+3).
   It greatly protects you from negative energy.
 B - the +8 hunting sling of No Interval {velocity, rPois SInv}
   (You found it on level 9 of the Dungeon)

   Any stone fired from it inflicts extra damage.
   It protects you from poison.
   It lets you see invisible.
Armour
 j - a +0 plate armour (worn)
 k - a +1 pair of boots (worn)
 A - the +2 pair of boots of Immorality {rC- Regen+ rCorr Stlth+, unknown}
   (You found it in a Gauntlet)

   It makes you vulnerable to cold.
   It increases your rate of regeneration.
   It provides partial protection from all sources of acid and corrosion.
   It makes you more stealthy.
Jewellery
 i - an uncursed amulet of faith
 o - an uncursed ring of flight
 x - a ring of poison resistance (left hand)
 y - a ring of see invisible (right hand)
Wands
 a - a wand of iceblast (6)
 l - a wand of random effects (35)
 n - a wand of polymorph (9)
 u - a wand of scattershot (3)
Scrolls
 b - a scroll of fog
 d - 9 scrolls of teleportation
 e - 6 scrolls of remove curse
 h - a scroll of magic mapping
 m - 2 scrolls of enchant weapon
 p - 2 scrolls of brand weapon
 t - a scroll of enchant armour
 z - 3 scrolls of identify
 D - a scroll of amnesia {unknown}
 E - a scroll of silence {unknown}
 F - a scroll of fear {unknown}
Potions
 c - a potion of lignification
 g - a potion of cancellation
 q - a potion of magic
 r - 4 potions of curing
 s - 5 potions of flight
Comestibles
 f - 24 rations


   Skills:
 + Level 10.1 Fighting
 * Level 13.8 Staves
 + Level 9.9 Armour
 + Level 9.1 Dodging
 - Level 1.5 Stealth
 - Level 1.3 Spellcasting
   Level 1.0 Transmutations


You had 11 spell levels left.
You knew the following spells:

 Your Spells              Type           Power        Failure   Level  Hunger
a - Magic Dart            Conj           #...         100%        1    ##.....

Your spell library contained the following spells:

 Spells                   Type           Power        Failure   Level  Hunger
 Animate Skeleton         Necr           N/A          100%        1    ##.....
 Apportation              Tloc           #.....       100%        1    ##.....
 Confusing Touch          Hex            #.....       100%        1    ##.....
 Summon Small Mammal      Summ           #...         100%        1    ##.....
 Blink                    Tloc           N/A          100%        2    ###....
 Call Imp                 Summ           #.......     100%        2    ###....
 Slow                     Hex            #.......     100%        2    ###....
 Conjure Flame            Conj/Fire      #.......     100%        3    ####...
 Mephitic Cloud           Conj/Pois/Air  #.......     100%        3    ####...


Dungeon Overview and Level Annotations

Branches:
Dungeon (11/15)            Temple (1/1) D:4            Lair (0/6) D:11
    Orc (0/2) D:10

Altars:
Ashenzari
Dithmenos
Elyvilon
Fedhas
Gozag
Hepliaklqana
Qazlal
Ru
Sif Muna
Vehumet
Wu Jian
Yredelemnul
The Shining One

Shops:
D:5 %

Annotations:
D:2 1 runed translucent door Gauntlet 11 transporters, 23 runed translucent doors, exclusion: 2 orange crystal statues


Innate Abilities, Weirdness & Mutations

You reflexively headbutt those who attack you in melee.
You have a pair of large horns on your head.
You have large cloven feet.
You have an increased reservoir of magic. (+10% MP)


Message History

The reaper is lightly wounded.
You closely miss the reaper.
The reaper is lightly wounded.
The hellwing hits you but does no damage. x2
You hit the reaper but do no damage.
You headbutt the reaper, but do no damage.
The reaper is lightly wounded.
The reaper hits you with a +7 vampiric scythe!
The reaper draws strength from your wounds!
You hit the reaper but do no damage.
The reaper is lightly wounded.
You closely miss the reaper.
The reaper is lightly wounded.
The hellwing barely misses you. x2
You sock the reaper! Your headbutt misses the reaper.
The reaper is moderately wounded.
You barely miss the reaper.
The reaper is moderately wounded.
The reaper hits you with a +7 vampiric scythe!!!
You die...

###########...............≈#
#.........#...#########...##
#...###...#...#).#.##.#.§.≈#
#=...#....######.##..##...##
#[#..#..#.#...###..#.##...≈#
#©.######.#©8©#©.#©##.#©8.##
#%#..#©.#.#...##.##..##...≈#
#....#....#######2.#.##...##
#...###..Y#...#4@#.##.#...§#
#YY.......#...#########...##
###########...............≈#
............8.....8.....8.##
.....8.....................##
.............###########...≈#
.#########...#.........#...##
.###...###...#.##.##.#.#.∩.≈#
.###...#######[.#..#...#..§##


You could see a reaper, an elephant and a hellwing.

Vanquished Creatures
  2 skeletal warriors (D:10)
  A manticore (D:7)
  A troll (D:9)
  Prince Ribbit (D:7)
  2 hippogriffs (D:9)
  A wyvern (D:10)
  Eustachio (D:6)
  2 hungry ghosts
  An acid dragon (D:11)
  Duvessa (D:3)
  Purgy (D:4)
  2 ice beasts
  6 orc warriors
  4 phantoms
  4 ogres
  A necrophage (D:7)
  A sky beast (D:7)
  6 centaurs
  Blork the orc (D:4)
  2 big kobolds
  6 bullfrogs
  A wyvern zombie (D:10)
  Dowan (D:3)
  3 scorpions
  2 killer bees (D:11)
  4 crimson imps
  A bullfrog zombie (D:5)
  3 hounds
  3 jellies (D:9)
  7 orc priests
  7 orc wizards
  A centaur skeleton (D:5)
  3 iguanas
  Natasha (D:4)
  Terence (D:2)
  A human skeleton (D:2)
  9 worker ants
  A hound zombie (D:7)
  A worker ant zombie (D:6)
  8 adders
  5 gnolls
  4 shadow imps
  6 oozes
  An adder skeleton (D:8)
  3 worms
  A dart slug (D:1)
  3 leopard geckos
  35 orcs
  3 ball pythons
  6 bats
  A giant cockroach (D:4)
  11 goblins
  8 hobgoblins
  11 jackals
  4 quokkas
  3 frilled lizards
  25 kobolds
  A leopard gecko skeleton (D:5)
  A quokka skeleton (D:4)
  2 rats
239 creatures vanquished.

Notes
Turn   | Place    | Note
-------+----------+-------------------------------------------
     0 | D:1      | Lanoc the Minotaur Wanderer began the quest for the Orb.
     0 | D:1      | Lanoc set off with the following items: a +0 quarterstaff,
                  | a potion of lignification, a +0 robe, a +0 dagger, a
                  | ration; and the following spell memorised: Magic Dart; and
                  | the following spells available to memorise: Blink, Call
                  | Imp, Slow, Conjure Flame, Mephitic Cloud
     0 | D:1      | Reached XP level 1. HP: 18/18 MP: 1/1
   113 | D:1      | Reached XP level 2. HP: 22/25 MP: 3/3
   117 | D:1      | Reached skill level 4 in Staves
   298 | D:1      | Reached skill level 1 in Armour
   395 | D:1      | Reached skill level 1 in Dodging
   396 | D:1      | Reached XP level 3. HP: 30/30 MP: 4/4
   593 | D:2      | Noticed Terence
   601 | D:2      | Killed Terence
   631 | D:2      | Reached XP level 4. HP: 30/38 MP: 5/5
   818 | D:2      | Found a runed translucent door.
   818 | D:2      | Noticed a human
   823 | D:2      | Found a basalt altar of Yredelemnul.
   830 | D:2      | Reached skill level 5 in Staves
  1113 | D:3      | Reached XP level 5. HP: 41/45 MP: 6/6
  1146 | D:3      | Found an opulent altar of Gozag.
  1345 | D:4      | Noticed a phantom
  1363 | D:4      | Killed a phantom
  1577 | D:4      | Noticed Purgy
  1590 | D:4      | Killed Purgy
  1590 | D:4      | Reached skill level 6 in Staves
  1590 | D:4      | Reached XP level 6. HP: 52/52 MP: 7/7
  1948 | D:3      | Found a faded altar of an unknown god.
  2003 | D:3      | Became a worshipper of the Wu Jian Council
  2003 | D:3      | Reached * piety under Wu Jian
  2215 | D:4      | Found a staircase to the Ecumenical Temple.
  2277 | D:4      | Found a glowing golden altar of the Shining One.
  2327 | D:4      | Noticed Blork the orc
  2334 | D:4      | Killed Blork the orc
  2334 | D:4      | Reached XP level 7. HP: 53/60 MP: 8/8
  2346 | D:4      | Reached skill level 7 in Staves
  2356 | D:4      | Found a stormy altar of Qazlal.
  2370 | D:4      | Noticed Dowan
  2370 | D:4      | Noticed Duvessa
  2518 | D:3      | Killed Duvessa
  2518 | D:3      | Reached skill level 5 in Fighting
  2527 | D:3      | Killed Dowan
  2741 | D:4      | Found a shadowy altar of Dithmenos.
  2966 | D:4      | Found a deep blue altar of Sif Muna.
  2990 | D:4      | Noticed Natasha
  2995 | D:4      | Killed Natasha
  3040 | Temple   | Entered the Ecumenical Temple
  3080 | D:5      | Entered Level 5 of the Dungeon
  3354 | D:5      | Reached XP level 8. HP: 66/69 MP: 9/9
  3546 | D:5      | Reached skill level 8 in Staves
  3845 | D:5      | Found Zekit's Food Shoppe.
  3944 | D:6      | Reached skill level 5 in Armour
  3945 | D:6      | Reached skill level 12 in Staves
  3945 | D:6      | Reached XP level 9. HP: 80/82 MP: 10/10
  4107 | D:6      | Noticed Eustachio
  4112 | D:6      | Killed Eustachio
  4147 | D:6      | Reached ** piety under Wu Jian
  4406 | D:6      | Got an ichor-stained quarterstaff
  4407 | D:6      | Identified the +2 quarterstaff "Biugust" {drain, rN++
                  | Dex+3} (You found it on level 6 of the Dungeon)
  4504 | D:7      | Found a white marble altar of Elyvilon.
  4512 | D:7      | Noticed a manticore
  4533 | D:7      | Killed a manticore
  4758 | D:7      | Noticed Prince Ribbit
  4768 | D:7      | Killed Prince Ribbit
  4843 | D:7      | Found a sacrificial altar of Ru.
  4844 | D:7      | Found a shattered altar of Ashenzari.
  4848 | D:7      | Found a radiant altar of Vehumet.
  4848 | D:7      | Found an ornate altar of the Wu Jian Council.
  5787 | D:8      | Found a hazy altar of Hepliaklqana.
  5976 | D:8      | Reached XP level 10. HP: 79/91 MP: 11/11
  6237 | D:8      | Reached *** piety under Wu Jian
  6623 | D:9      | Found a blossoming altar of Fedhas.
  6629 | D:9      | Reached skill level 13 in Staves
  7141 | D:9      | Got a polished hunting sling
  7142 | D:9      | Identified the +8 hunting sling of No Interval {velocity,
                  | rPois SInv} (You found it on level 9 of the Dungeon)
  7538 | D:10     | Entered Level 10 of the Dungeon
  7805 | D:10     | Reached **** piety under Wu Jian
  8004 | D:10     | Noticed a skeletal warrior
  8006 | D:10     | Noticed a skeletal warrior
  8438 | D:10     | Killed a skeletal warrior
  8606 | D:10     | Found a staircase to the Orcish Mines.
  8736 | D:10     | Noticed a skeletal warrior
  8741 | D:10     | Killed a skeletal warrior
  8741 | D:10     | Reached skill level 10 in Fighting
  8741 | D:10     | Reached XP level 11. HP: 91/99 MP: 12/12
  8944 | D:10     | Noticed a skeletal warrior
  9022 | D:11     | Found a gate leading to a gauntlet.
  9143 | Gauntlet | Entered a Gauntlet
  9143 | Gauntlet | Found a transporter.
  9149 | Gauntlet | Noticed a reaper
  9152 | Gauntlet | Found a transporter.
  9169 | Gauntlet | Found a transporter.
  9172 | Gauntlet | Found a transporter.
  9181 | Gauntlet | Noticed a dire elephant
  9182 | Gauntlet | Found a transporter.
  9201 | Gauntlet | Found a runed translucent door.
  9202 | Gauntlet | Found a transporter.
  9205 | Gauntlet | Found a transporter.
  9209 | Gauntlet | Found a transporter.
  9210 | Gauntlet | Noticed an orange crystal statue
  9216 | Gauntlet | Found a runed translucent door.
  9226 | Gauntlet | Noticed an orange crystal statue
  9232 | Gauntlet | Found a large runed translucent door.
  9232 | Gauntlet | Found a large runed translucent door.
  9233 | Gauntlet | Found a large runed translucent door.
  9234 | Gauntlet | Found a large runed translucent door.
  9235 | Gauntlet | Found a runed translucent gate.
  9236 | Gauntlet | Found a transporter.
  9236 | Gauntlet | Found a runed translucent gate.
  9236 | Gauntlet | Noticed an entropy weaver
  9237 | Gauntlet | Found a large runed translucent door.
  9237 | Gauntlet | Found a runed translucent gate.
  9238 | Gauntlet | Found a large runed translucent door.
  9238 | Gauntlet | Found a large runed translucent door.
  9239 | Gauntlet | Found a large runed translucent door.
  9240 | Gauntlet | Found a large runed translucent door.
  9249 | Gauntlet | Found a large runed translucent door.
  9249 | Gauntlet | Found a large runed translucent door.
  9249 | Gauntlet | Found a runed translucent door.
  9249 | Gauntlet | Found a runed translucent door.
  9250 | Gauntlet | Found a large runed translucent door.
  9251 | Gauntlet | Found a large runed translucent door.
  9253 | Gauntlet | Found a transporter.
  9257 | Gauntlet | Found a transporter.
  9260 | Gauntlet | Found a large runed translucent door.
  9260 | Gauntlet | Found a large runed translucent door.
  9265 | Gauntlet | Found a transporter.
  9289 | Gauntlet | Found a large runed translucent door.
  9354 | Gauntlet | Got a pair of brightly glowing boots
  9360 | Gauntlet | Gained mutation: You have large cloven feet. [potion of
                  | mutation]
  9360 | Gauntlet | Gained mutation: You have a pair of large horns on your
                  | head. [potion of mutation]
  9360 | Gauntlet | Gained mutation: You have an increased reservoir of magic.
                  | (+10% MP) [potion of mutation]
  9369 | Gauntlet | Mangled by a reaper

Levels and vault maps discovered:
D:1:      saegor_arrival_simple_b, layout_rooms, minmay_hexomino_c4
D:2:      layout_rooms, dk_yredelemnul_ordeal, uniq_terence
D:3:      layout_loops_ring, grunt_gozag_statues,
          chequers_ecumenical_altar_lobes
D:4:      layout_cave_pools, tso_metal_star, kennysheep_mini_moat,
          marbit_many_paths, nicolae_qazlal_general_emergency, temple_doors_e,
          first_ration, uniq_purgy, uniq_duvessa, uniq_natasha,
          uniq_blork_the_orc
D:5:      layout_cave_pods, serial_shops, shop
D:6:      layout_basic, uniq_eustachio
D:7:      corexii_shack_village, layout_cave_pods, elyvilon_altar_1,
          grunt_temple_overflow_open, uniq_prince_ribbit1
D:8:      layout_loops_corners, lemuel_doored_altar
D:9:      layout_cave_pods, fedhas_bush_and_centaur_altar,
          hangedman_decor_opposing, hangedman_little_slice_of_home
D:10:     layout_basic, orc_0_dummy, minmay_orc_keep
D:11:     layout_loops_cross, dpeg_oklobed_lair, gauntlet_entry_generic,
          st_stairs_7, uniq_snorg
Temple:   kb_temple_of_zot
Gauntlet: minmay_gauntlet_mixed_oops_all_seconds
          [minmay_gauntlet_arena_77_broken_ladder,
          nicolae_gauntlet_arena_grate_2,
          minmay_gauntlet_arena_77_tiled_triplets,
          minmay_gauntlet_arena_make_your_own_arena,
          minmay_gauntlet_arena_77_cramped, nicolae_gauntlet_arena_t_cross,
          gauntlet_exit_green]

Skill      XL: |  1  2  3  4  5  6  7  8  9 10 11 |
---------------+----------------------------------+-----
Staves         | 4 5 6 7 12 13 | 13.8
Armour         | 1 2 3 4 8 9 |  9.9
Dodging        | 1 2 3 4 7 8 9 |  9.1
Fighting       | 3 4 5 8 9 10 | 10.1
Stealth        | |  1.5
Spellcasting   | |  1.3
Transmutations | |  1.0

Action                   |  1- 3 |  4- 6 |  7- 9 | 10-12 || total
-------------------------+-------+-------+-------+-------++-------
Melee: Quarterstaff      |    58 |   139 |   219 |   367 ||   783
       Headbutt          |     9 |    18 |    38 |    68 ||   133
Invok: Lunge             |       |     4 |    19 |    28 ||    51
       Whirlwind         |       |       |       |     7 ||     7
  Use: Potion            |       |     1 |    10 |     8 ||    19
       Scroll            |       |       |    14 |     2 ||    16
  Eat: Chunk             |       |     4 |     9 |    11 ||    24
       Ration            |       |       |     1 |     1 ||     2
Armor: Robe              |     6 |       |       |       ||     6
       Plate armour      |    25 |    80 |   100 |   139 ||   344
Dodge: Dodged            |    33 |    35 |    59 |   100 ||   227

Table legend:
 A = Non-vault XP
 B = Vault XP
 C = Vault XP percentage of total XP
 D = Non-vault monster count
 E = Vault monster count
 F = Vault count percentage of total count
                 A         B        C        D         E       F
            +---------+---------+-------+---------+---------+-------
      Total |    8901 |    1912 |  17.7 |     194 |      45 |  18.8
            +---------+---------+-------+---------+---------+-------
        D:1 |      27 |      25 |  48.1 |      16 |       6 |  27.3
        D:2 |      45 |      72 |  61.5 |      14 |       2 |  12.5
        D:3 |     163 |     220 |  57.4 |      24 |       2 |   7.7
        D:4 |     264 |     385 |  59.3 |       7 |       4 |  36.4
        D:5 |     432 |       0 |   0.0 |      12 |       0 |   0.0
        D:6 |     210 |     203 |  49.2 |      10 |       1 |   9.1
        D:7 |    1274 |     300 |  19.1 |      25 |      10 |  28.6
        D:8 |    1591 |       0 |   0.0 |      35 |       0 |   0.0
        D:9 |    1582 |     264 |  14.3 |      17 |       9 |  34.6
       D:10 |    2440 |     275 |  10.1 |      17 |       9 |  34.6
       D:11 |     873 |     157 |  15.2 |      17 |       1 |   5.6
   Gauntlet |       0 |      11 | 100.0 |       0 |       1 | 100.0
            +---------+---------+-------+---------+---------+-------
